 Dungeon Crawl Stone Soup version 0.24-a0-415-g6d73c25c48 (webtiles) character file.

Game seed: 10783094346394105075

5142 HAL9000 the Slicer (level 10, -6/46 HPs)
             Began as a Vine Stalker Assassin on June 6, 2019.
             Was a Follower of Uskayaw.
             Mangled by a hornet (9 damage)
             ... on level 9 of the Dungeon on June 9, 2019.
             The game lasted 00:30:53 (9649 turns).

HAL9000 the Slicer (Vine Stalker Assassin)          Turns: 9649, Time: 00:30:54

Health: -6/46      AC:  6    Str: 17    XL:     10   Next: 58%
Magic:  0/11       EV: 11    Int: 12    God:    Uskayaw [*.....]
Gold:   566        SH:  0    Dex: 20    Spells: 9/9 levels left

rFire    + . .     SeeInvis .   v - +1 dagger (speed)
rCold    . . .     Gourm    +   (no shield)
rNeg     . . .     Faith    .   x - +2 leather armour {rF+}
rPois    .         Spirit   +   (no helmet)
rElec    .         Reflect  .   c - +0 cloak
rCorr    .         Harm     .   (no gloves)
MR       +....                  (no boots)
Stlth    ++++......             y - amulet of the gourmand
HPRegen  0.55/turn              r - +3 ring of dexterity
MPRegen  0.12/turn              t - +2 ring of strength

@: slowed, studying Crossbows, lightly drained, very slow
A: fangs 3, regeneration 1, magic shield, antimagic bite, no potion heal 3, rot
immunity
a: Stomp, Renounce Religion


You were on level 9 of the Dungeon.
You worshipped Uskayaw.
Uskayaw was noncommittal.
You were very full.

You visited 1 branch of the dungeon, and saw 9 of its levels.
You also visited: Sewer.

You collected 566 gold pieces.

Inventory:

Hand Weapons
 a - the +7 fustibalus of Impatience {venom, Str+6 Dex+3}
   (You found it on level 7 of the Dungeon)

   It poisons the ammo it fires.
   It affects your strength (+6).
   It affects your dexterity (+3).
 b - a +1 long sword of electrocution
 v - a +1 dagger of speed (weapon)
Missiles
 s - 5 silver boomerangs
 H - 72 stones
 I - 30 sling bullets
 K - a throwing net
 N - a curare-tipped dart (quivered)
Armour
 c - a +0 cloak (worn)
 x - a +2 leather armour of fire resistance (worn)
Jewellery
 r - a +3 ring of dexterity (left hand)
 t - a +2 ring of strength (right hand)
 y - an amulet of the gourmand (around neck)
Wands
 d - a wand of scattershot (5)
 e - a wand of random effects (22)
 J - a wand of polymorph (7)
 L - a wand of disintegration (14)
 M - a wand of flame (15)
Scrolls
 h - a scroll of fear {unknown}
 i - 7 scrolls of teleportation
 k - a scroll of amnesia {unknown}
 l - a scroll of blinking
 o - a scroll of immolation {unknown}
 p - 3 scrolls of remove curse
 u - a scroll of fog {unknown}
 C - a scroll of random uselessness {unknown}
 E - 2 scrolls of enchant weapon {unknown}
 F - a scroll of brand weapon {unknown}
Potions
 j - 2 potions of ambrosia {unknown}
 m - 3 potions of curing
 n - a potion of mutation {unknown}
 q - a potion of haste {unknown}
 w - 5 potions of flight {unknown}
 z - 3 potions of berserk rage {unknown}
 A - a potion of agility {unknown}
 B - a potion of brilliance {unknown}
 O - a potion of lignification {unknown}
Books
 G - a manual of Crossbows
Comestibles
 f - 13 rations


   Skills:
 - Level 1.7(1.4) Fighting
 - Level 11.3(10.9) Short Blades
 + Level 6.3(6.0) Slings
 - Level 1.7(3.9) Throwing
 - Level 0.7(0.3) Dodging
 - Level 9.0(8.6) Stealth


You had 9 spell levels left.
You didn't know any spells.
Your spell library was empty.

Dungeon Overview and Level Annotations

Branches:
Dungeon (9/15)             Temple (0/1) D:6
   Lair: D:8-11         Orc: D:9-12

Altars:
Ashenzari
Kikubaaqudgha
Sif Muna
Uskayaw
Zin

Shops:
D:5 (   D:7 :

Annotations:
D:3 2 runed translucent doors, Peloso's ghost, novice MiFi


Innate Abilities, Weirdness & Mutations

You have razor-sharp teeth.
Your natural rate of healing is unusually fast.
When hurt, damage is shared between your health and your magic reserves.
Your bite disrupts and absorbs the magic of your enemies.
Potions cannot restore your health.
You are immune to rotting.


Message History

* * * LOW HITPOINT WARNING * * *
You feel as though you will be slow longer.
Unknown command.
You hit the hornet but do no damage. Your bite misses the hornet.
The hornet is heavily wounded.
* * * LOW HITPOINT WARNING * * *
You feel sick. The hornet stings you.
* * * LOW HITPOINT WARNING * * *
You feel as though you will be slow longer.
Unknown command.
Your system rejects the healing.
You feel better.
The hornet stings you but does no damage.
The hornet stings you.
* * * LOW HITPOINT WARNING * * *
You feel as though you will be slow longer.
Unknown command.
You hit the hornet but do no damage. Your bite misses the hornet.
The hornet is heavily wounded.
The hornet stings you!
You die...

#......##
##....## #....#
##...# ##..#
#..# ##.># #...#
#@..# #....y...#
##.......#
#.........#####
#..#............
.# ............
.............
.............##
.............#


You could see a hornet.

Vanquished Creatures
  Harold (D:8)
  Pikel (D:5)
  A hippogriff (D:5)
  Eustachio (D:4)
  Grum (D:8)
  2 orc warriors
  2 slaves
  4 sky beasts
  A necrophage (D:7)
  4 ogres
  2 wolves (D:8)
  A phantom (D:9)
  3 centaurs (D:6)
  2 big kobolds (D:7)
  4 bullfrogs
  4 scorpions
  2 howler monkeys (D:5)
  3 crimson imps
  A centaur zombie (D:7)
  A jelly (D:8)
  A bullfrog zombie (D:8)
  7 hounds
  6 orc wizards
  A quasit (D:9)
  2 orc priests
  2 bullfrog skeletons (D:6)
  4 iguanas
  5 worker ants
  Natasha (thrice) (D:2)
  A hound zombie (D:8)
  2 worker ant zombies
  2 howler monkey zombies
  A howler monkey skeleton (D:5)
  4 gnolls (D:8)
  17 adders
  3 river rats (D:4)
  5 oozes
  An adder zombie (D:5)
  2 adder skeletons
  8 worms
  2 dart slugs (D:1)
  7 leopard geckos
  22 orcs
  4 giant cockroaches
  3 goblins
  13 hobgoblins
  15 jackals
  A quokka (D:5)
  6 ball pythons
  14 bats
  11 frilled lizards
  13 kobolds
  A leopard gecko skeleton (D:5)
  A leopard gecko zombie (D:5)
  A quokka skeleton (D:7)
  A quokka zombie (D:8)
  5 rats
238 creatures vanquished.

Notes
Turn   | Place    | Note
-------+----------+-------------------------------------------
     0 | D:1      | HAL9000 the Vine Stalker Assassin began the quest for the
                  | Orb.
     0 | D:1      | Reached XP level 1. HP: 11/11 MP: 2/2
    16 | D:1      | Reached skill level 2 in Short Blades
   156 | D:1      | Reached XP level 2. HP: 9/15 MP: 3/3
   643 | D:1      | Reached skill level 3 in Short Blades
   864 | D:1      | Reached XP level 3. HP: 18/18 MP: 4/4
  1705 | D:2      | Noticed Natasha
  1719 | D:2      | Killed Natasha
  1719 | D:2      | Reached skill level 4 in Short Blades
  1719 | D:2      | Gained mutation: Your natural rate of healing is unusually
                  | fast. [Vine Stalker growth]
  1719 | D:2      | Reached XP level 4. HP: 20/23 MP: 3/5
  2142 | D:2      | Noticed Natasha
  2157 | D:2      | Killed Natasha
  2171 | D:2      | Reached XP level 5. HP: 12/26 MP: 6/6
  2492 | D:2      | Noticed Natasha
  2503 | D:2      | Killed Natasha
  2759 | D:3      | Reached skill level 5 in Short Blades
  2773 | D:3      | Found a faded altar of an unknown god.
  2948 | D:3      | Found a runed translucent door.
  3048 | D:3      | Found a glowing silver altar of Zin.
  3049 | D:3      | Found an ancient bone altar of Kikubaaqudgha.
  3050 | D:3      | Found a hide-covered altar of Uskayaw.
  3051 | D:3      | Found a deep blue altar of Sif Muna.
  3061 | D:3      | Became a worshipper of Uskayaw the Reveler
  3160 | D:3      | Noticed Peloso's ghost (novice MiFi)
  3178 | D:3      | Found a runed translucent door.
  3359 | D:4      | Noticed an ogre
  3364 | D:4      | Killed an ogre
  3364 | D:4      | Reached XP level 6. HP: 30/30 MP: 7/7
  3364 | D:4      | Reached * piety under Uskayaw
  3631 | D:4      | Noticed Eustachio
  3644 | D:4      | Reached ** piety under Uskayaw
  3655 | D:4      | Killed Eustachio
  3655 | D:4      | Reached skill level 6 in Short Blades
  3789 | D:4      | Reached XP level 7. HP: 32/34 MP: 8/8
  3985 | D:4      | Reached skill level 7 in Short Blades
  4002 | D:4      | Reached *** piety under Uskayaw
  4139 | D:4      | Found a glowing drain.
  4147 | Sewer    | Entered a sewer
  4634 | D:5      | Entered Level 5 of the Dungeon
  4634 | D:5      | Found Ysifin's Weapon Boutique.
  4825 | D:5      | Reached skill level 8 in Short Blades
  4852 | D:5      | Gained mutation: You have razor-sharp teeth. [Vine Stalker
                  | growth]
  4852 | D:5      | Reached XP level 8. HP: 35/38 MP: 9/9
  5379 | D:5      | Noticed a hippogriff
  5393 | D:5      | Killed a hippogriff
  5393 | D:5      | Reached skill level 9 in Short Blades
  5529 | D:5      | Noticed Pikel
  5724 | D:5      | Killed Pikel
  5724 | D:5      | Reached skill level 10 in Short Blades
  5920 | D:5      | Reached XP level 9. HP: 39/42 MP: 8/10
  6549 | D:6      | Found a staircase to the Ecumenical Temple.
  6579 | D:6      | Reached skill level 11 in Short Blades
  6881 | D:6      | Reached skill level 5 in Stealth
  6896 | D:6      | Reached **** piety under Uskayaw
  7520 | D:7      | Upgraded the game from 0.24-a0-411-g4df2b1290f to
                  | 0.24-a0-415-g6d73c25c48
  7549 | D:7      | Got a steaming fustibalus
  7550 | D:7      | Identified the +7 fustibalus of Impatience {venom, Str+6
                  | Dex+3} (You found it on level 7 of the Dungeon)
  8266 | D:7      | Found Giqileoragh's Book Boutique.
  8490 | D:8      | Reached skill level 1 in Slings
  8490 | D:8      | Reached XP level 10. HP: 25/46 MP: 8/11
  8600 | D:8      | Noticed Grum
  8610 | D:8      | Killed Grum
  8622 | D:8      | Noticed Harold
  8717 | D:8      | Killed Harold
  8750 | D:8      | Reached skill level 5 in Slings
  9110 | D:8      | Found a shattered altar of Ashenzari.
  9549 | D:9      | Noticed a guardian serpent
  9636 | D:9      | Paralysed by a hornet for 3 turns
  9649 | D:9      | Mangled by a hornet

Levels and vault maps discovered:
D:1:      nzn_arrival_water_spiral, layout_basic, minmay_cut_off
D:2:      layout_loops_corners, first_ration, uniq_natasha
D:3:      layout_rooms, chequers_temple_overflow_statue_of_worship,
          ebering_ghost_sewer_f, chequers_ecumenical_altar_simple_redux,
          small_statue_intersection
D:4:      layout_loops_ring, lightli_sewer_entry_pipes, uniq_eustachio
D:5:      layout_basic, serial_shops, nicolae_shop_stone, grunt_ministairs_10,
          minmay_manual_monstrance, uniq_pikel
D:6:      layout_loops_cross, minmay_temple_entry_mini_moons, st_stairs_1
D:7:      layout_loops_ring, serial_shops, nicolae_shop_window_shopping
D:8:      layout_loops_ring, nicolae_ashenzari_panopticon, uniq_harold,
          uniq_grum
D:9:      minmay_the_grid_triangle_9x9_rhombus_full
          [minmay_the_grid_triangle_9x9_corrupted_corridor,
          minmay_the_grid_triangle_9x9_empty,
          minmay_the_grid_triangle_9x9_thin_v,
          minmay_the_grid_triangle_9x9_sparse_checkered,
          minmay_the_grid_triangle_9x9_stretched_checkered,
          minmay_the_grid_triangle_9x9_limited_checkers,
          minmay_the_grid_triangle_9x9_alien,
          minmay_the_grid_triangle_9x9_prize_top_heavy], layout_layer_cave,
          xom_shifter_show, gammafunk_temple_overflow_statue,
          hangedman_pestilent_swarm, nrook_guardian_serpent_ordinary

Skill      XL: |  1  2  3  4  5  6  7  8  9 10 |
---------------+-------------------------------+-----
Short Blades   | 2 3 4 5 6 8 10 11 | 11.3
Stealth        | 9 |  9.0
Slings         | 1 6 |  6.3
Fighting       | |  1.7
Throwing       | |  1.7
Dodging        | |  0.7

Action                   |  1- 3 |  4- 6 |  7- 9 | 10-12 || total
-------------------------+-------+-------+-------+-------++-------
Melee: Dagger            |    77 |   134 |   648 |    92 ||   951
       Bite              |    25 |    37 |   237 |    61 ||   360
       Long sword        |       |       |     4 |    45 ||    49
 Fire: Fustibalus        |       |       |     7 |     9 ||    16
Throw: Dart              |       |     2 |     7 |     1 ||    10
  Use: Scroll            |       |     1 |     4 |     2 ||     7
       Potion            |       |       |       |     1 ||     1
 Stab: Sleeping          |     9 |    10 |    17 |     7 ||    43
       Paralysed         |       |       |    16 |     6 ||    22
  Eat: Chunk             |     2 |     6 |    22 |     6 ||    36
Armor: Robe              |    19 |     8 |       |       ||    27
       Leather armour    |       |     9 |   103 |    25 ||   137
Dodge: Dodged            |    53 |    53 |   181 |    52 ||   339
       Rpst.: Long sword |       |       |       |    12 ||    12

Table legend:
 A = Non-vault XP
 B = Vault XP
 C = Vault XP percentage of total XP
 D = Non-vault monster count
 E = Vault monster count
 F = Vault count percentage of total count
                 A         B        C        D         E       F
            +---------+---------+-------+---------+---------+-------
      Total |    4554 |    2793 |  38.0 |     186 |      50 |  21.2
            +---------+---------+-------+---------+---------+-------
        D:1 |      37 |       1 |   2.6 |      22 |       1 |   4.3
        D:2 |     143 |      36 |  20.1 |      22 |       1 |   4.3
        D:3 |      64 |       0 |   0.0 |      15 |       0 |   0.0
        D:4 |     293 |     311 |  51.5 |      13 |      10 |  43.5
        D:5 |     616 |     924 |  60.0 |      20 |      10 |  33.3
        D:6 |    1159 |      48 |   4.0 |      29 |       1 |   3.3
        D:7 |     774 |       0 |   0.0 |      28 |       0 |   0.0
        D:8 |    1067 |    1389 |  56.6 |      29 |       4 |  12.1
        D:9 |     401 |       0 |   0.0 |       8 |       0 |   0.0
      Sewer |       0 |      84 | 100.0 |       0 |      23 | 100.0
            +---------+---------+-------+---------+---------+-------
